 Dungeon Crawl Stone Soup version 0.29-a0-398-ge13fd1374b (webtiles) character file.

Game seed: 8154870946327366420

30 pyrow613 the Conjurer (level 2, -9/22 HPs)
             Began as a Demigod Conjurer on May 12, 2022.
             Killed by divine providence
             ... invoked by an orc priest
              (14 damage)
             ... on level 4 of the Dungeon.
             The game lasted 00:03:54 (1547 turns).

pyrow613 the Conjurer (Demigod Conjurer)            Turns: 1547, Time: 00:03:54

Health: -9/22      AC:  3    Str:  8    XL:     2   Next: 87%
Magic:  2/7        EV: 11    Int: 20    God:
Gold:   87         SH:  3    Dex: 12    Spells: 2/5 levels left

rFire   . . .      SeeInvis .   l - +1 dagger
rCold   . . .      Faith    .   h - +0 buckler
rNeg    . . .      Spirit   .   a - +0 robe
rPois   .          Reflect  .   (no helmet)
rElec   .          Harm     .   (no cloak)
rCorr   .          Rampage  .   f - +0 pair of gloves
Will    .....                   (no boots)
Stlth   ++........              (no amulet)
HPRegen 0.07/turn               (no ring)
MPRegen 0.10/turn               (no ring)

@: weak-willed
A: high MP 1, forlorn, divine attributes
a: no special abilities


You were on level 4 of the Dungeon.
You visited 1 branch of the dungeon, and saw 3 of its levels.

You collected 87 gold pieces.

Inventory:

Hand Weapons
 l - a +1 dagger (weapon)
Armour
 a - a +0 robe (worn)
 f - a +0 pair of gloves (worn)
 h - a +0 buckler (worn)
 i - a +0 ring mail
Potions
 b - a potion of magic
 c - 2 potions of haste {unknown}
 d - a potion of might {unknown}
 g - 2 potions of curing {unknown}
 j - a potion of degeneration {unknown}
 k - a potion of ambrosia {unknown}


   Skills:
 + Level 0.7 Fighting
 - Level 1.7 Dodging
 + Level 2.1 Stealth
 + Level 0.3 Shields
 + Level 2.0 Spellcasting
 * Level 4.0 Conjurations


You had 2 spell levels left.
You knew the following spells:

 Your Spells              Type           Power      Damage    Failure   Level
a - Magic Dart            Conj           72%        1d6       4%          1
b - Searing Ray           Conj           36%        2d5       6%          2

Your spell library contained the following spells:

 Spells                   Type           Power      Damage    Failure   Level
 Dazzling Flash           Conj/Hex       20%        N/A       28%         3
 Fulminant Prism          Conj/Hex       5%         3d7       67%         4
 Iskenderun's Mystic Bla  Conj/Tloc      10%        2d4       67%         4


Dungeon Overview and Level Annotations

Branches:
Dungeon (2/15)


Innate Abilities, Weirdness & Mutations

You have an increased reservoir of magic. (+10% MP)
You shall have no god before yourself.
Your divine heritage dramatically boosts your attributes as you level up.


Message History

Found 6 gold pieces.
The orc priest invokes the aid of Beogh against you.
Beogh smites you!
Ouch! That really hurt!
A dart slug comes into view.
As you read the scroll labelled ARAICI RISTOCW, it crumbles to dust.
Magic quickly surges around you.
It was a scroll of vulnerability.
As you read the scroll labelled NEUDEEFUNE, it crumbles to dust.
It is a scroll of enchant weapon.
Your +0 dagger glows red for a moment.
The orc priest mumbles some strange prayers to Beogh against you.
You barely resist.
Casting: Magic Dart (safe; 4% risk of failure)
Confirm with . or Enter, or press ? or * to list all spells.
Aiming: Searing Ray (safe; 6% risk of failure)
Press: ? - help, Shift-Dir - straight line, f - orc
Aim: an orc, wielding a +0 club and wearing a +0 ring mail (weak-willed, 81% to hit)
The searing ray misses the orc. (Press . to maintain the ray.) Unknown command.
The searing ray hits the orc.
The orc is heavily wounded.
The searing ray hits the orc.
The orc is severely wounded.
An endoplasm comes into view.
The searing ray misses the orc.
You finish channelling your searing ray.
The orc closely misses you.
Unknown command.
You hit the orc but do no damage.
The orc is severely wounded.
The orc hits you with a +0 club.
* * * LOW HITPOINT WARNING * * *
The orc priest barely misses you.
You hit the orc.
You kill the orc!
The orc priest calls down the wrath of Beogh upon you.
Beogh smites you!
Ouch! That really hurt!
You die...

....................
.w.$................
....................
..........J........
..........>........
####..............
#..............
#wo............
#@.............
############..


You could see an orc priest (weak-willed), a dart slug and an endoplasm.

Vanquished Creatures
  A dart slug (D:1)
  An orc (D:4)
  8 ball pythons
  3 endoplasms (D:1)
  A giant cockroach (D:2)
  A hobgoblin (D:1)
  4 quokkas (D:2)
  2 bats (D:1)
  A goblin (D:2)
  2 kobolds (D:1)
  3 rats
27 creatures vanquished.

Vanquished Creatures (others)
  5 plants (D:2)
5 creatures vanquished.

Grand Total: 32 creatures vanquished

Notes
Turn   | Place    | Note
-------+----------+-------------------------------------------
     0 | D:1      | pyrow613 the Demigod Conjurer began the quest for the Orb.
     0 | D:1      | Reached XP level 1. HP: 14/14 MP: 5/5
   484 | D:1      | Reached XP level 2. HP: 22/22 MP: 5/7
   648 | D:1      | Learned a level 2 spell: Searing Ray
  1317 | D:2      | Reached skill level 4 in Conjurations
  1532 | D:2      | You fall into a shaft and drop 2 floors!
  1547 | D:4      | Killed from afar by an orc priest

Illustrated notes

Levels and vault maps discovered:
D:1:      heliophobic_arrival_dark_side_of_the_moon, layout_basic
D:2:      layout_loops_ring, serial_shops, nicolae_shop_overgrown_old_shop,
          uniq_sigmund
D:4:      minmay_evil_eye, layout_basic

Skill      XL: |  1  2 |
---------------+-------+-----
Stealth        | 2 |  2.1
Spellcasting   | 2 |  2.0
Conjurations   | 4 |  4.0
Fighting       | |  0.7
Dodging        | |  1.7
Shields        | |  0.3

Action                   || total
-------------------------++-------
Melee: Dagger            ||     2
 Cast: Magic Dart        ||    37
       Searing Ray       ||     4
  Use: Scroll            ||     2
Dodge: Dodged            ||     5

Table legend: (Time is in decaauts)
 A = Elapsed time spent in this place.
 B = Non-inter-level travel time spent in this place.
 C = Inter-level travel time spent in this place.
 D = Time resting spent in this place.
 E = Time spent auto-exploring this place.
 F = Levels seen in this place.
 G = Mean time per level.
                   A        B        C        D        E       F      G
               +--------+--------+--------+--------+--------+-----+--------+
         Total |   1546 |   1518 |     28 |     23 |   1298 |   3 |  515.3 |
       Dungeon |   1546 |   1518 |     28 |     23 |   1298 |   3 |  515.3 |
               +--------+--------+--------+--------+--------+-----+--------+

Top non-repeatable levels by time:
     D:1: 1195 daAuts
     D:2: 336 daAuts
     D:4: 14 daAuts
